 Dungeon Crawl Stone Soup version 0.29.1-15-g9cfb28693d (webtiles) character file.

Game seed: 11881537826333642240

23 hawla the Chiller (level 3, 0/27 HPs)
             Began as a Meteoran Ice Elementalist on Mar 14, 2023.
             Slain by an orc wizard
             ... wielding a +0 dagger
              (3 damage)
             ... on level 3 of the Dungeon.
             The game lasted 00:03:12 (245 turns).

hawla the Chiller (Meteoran Ice Elementalist)        Turns: 245, Time: 00:03:13

Health: 0/27       AC:  2    Str:  9    XL:     3   Next: 29%
Magic:  3/8        EV: 12    Int: 19    God:
Gold:   33         SH:  0    Dex: 14    Spells: 7/8 levels left

rFire   . . .      SeeInvis .   (no weapon)
rCold   . . .      Faith    .   (no shield)
rNeg    . . .      Spirit   .   a - +0 robe
rPois   .          Reflect  .   (no helmet)
rElec   .          Harm     .   (no cloak)
rCorr   .          Rampage  .   (no gloves)
Will    .....                   (no boots)
Stlth   +.........              (no amulet)
HPRegen 0.09/turn               g - ring of wizardry
MPRegen 0.11/turn               (no ring)

@: glowing
A: sense surroundings 1, otherworldly, glowing, explore regen
a: no special abilities


You were on level 3 of the Dungeon.
You visited 1 branch of the dungeon, and saw 4 of its levels.

You collected 33 gold pieces.

Inventory:

Armour
 a - a +0 robe (worn)
Magical Staves
 e - a staff of fire
Jewellery
 g - a ring of wizardry (left hand)
Scrolls
 b - 2 scrolls of brand weapon {unknown}
 c - a scroll of poison {unknown}
 d - a scroll of acquirement {unknown}
 h - a scroll of identify {unknown}


   Skills:
 + Level 0.4 Fighting
 + Level 2.7 Dodging
 - Level 1.4 Stealth
 + Level 3.2 Spellcasting
 + Level 4.9 Ice Magic


You had 7 spell levels left.
You knew the following spells:

 Your Spells              Type           Power      Damage    Failure   Level
a - Freeze                Ice            84%        1d10      1%          1

Your spell library contained the following spells:

 Spells                   Type           Power      Damage    Failure   Level
 Frozen Ramparts          Ice            42%        1d7       2%          3
 Ozocubu's Armour         Ice            21%        N/A       2%          3
 Hailstorm                Conj/Ice       12%        3d5       21%         4


Dungeon Overview and Level Annotations

Branches:
Dungeon (4/15) Zot: 2154
 Temple: D:4-7

Altars:


Innate Abilities, Weirdness & Mutations

You passively map a small area around you.
You are easily found by Zot.
You glow in the dark.
You regain HP and MP as you explore.


Message History

Aiming: Freeze (safe; 1% risk of failure)
Press: ? - help, Shift-Dir - straight line, f - you That would be overly suicidal.
Okay, then.
You feel sick.
You hear some strange, mumbled words.
Something tries to affect you, but you resist.
You see here a ball python corpse.
You feel sick.
You are no longer poisoned.
An orc comes into view. It is wielding a +0 hand axe.
An orc comes into view. It is wielding a +0 morningstar.
There is a stone staircase leading up here.
Something hits you.
You climb upwards.
Reactivating autopickup.
There is a stone staircase leading down here.
Casting: Freeze (safe; 1% risk of failure)
Confirm with . or Enter, or press ? or * to list all spells.
Aiming: Freeze (safe; 1% risk of failure)
Press: ? - help, Shift-Dir - straight line You freeze something.
Something hits you.
* * * LOW HITPOINT WARNING * * *
Deactivating autopickup; reactivate with Ctrl-A.
Unknown command.
It was a potion of cancellation.
You feel magically purged. Something hits you.
* * * LOW HITPOINT WARNING * * *
Casting: Freeze (safe; 1% risk of failure)
Confirm with . or Enter, or press ? or * to list all spells.
Aiming: Freeze (safe; 1% risk of failure)
Press: ? - help, Shift-Dir - straight line You freeze something!
Something hits you.
* * * LOW HITPOINT WARNING * * *
Unknown command.
Casting: Freeze (safe; 1% risk of failure)
Confirm with . or Enter, or press ? or * to list all spells.
Aiming: Freeze (safe; 1% risk of failure)
Press: ? - help, Shift-Dir - straight line There's nothing close enough!
Something hits you.
You die...

, * , , > , , ,,
,, , *** , ,
#########
#.....@.##### ,
#.#####.....# * ,,
# ####.###.# * ,
,#.##....# *## , *
, #.......###....
, , **
#.##.##.....#* *
#... #.......#####
#... #.##.##)# *
#...######.......#


There were no monsters in sight!

Vanquished Creatures
  A dart slug (D:3)
  2 ball pythons
  An endoplasm (D:3)
  A giant cockroach (D:2)
  4 goblins
  2 hobgoblins
  4 jackals (D:1)
  A kobold (D:4)
16 creatures vanquished.

Notes
Turn   | Place    | Note
-------+----------+-------------------------------------------
     0 | D:1      | hawla the Meteoran Ice Elementalist began the quest for the
                  | Orb.
     0 | D:1      | Reached XP level 1. HP: 14/14 MP: 5/5
    62 | D:1      | Reached XP level 2. HP: 14/20 MP: 0/6
   197 | D:3      | Reached XP level 3. HP: 21/27 MP: 2/8
   235 | D:4      | Noticed a necrophage
   245 | D:3      | Slain by an orc wizard

Illustrated notes

Levels and vault maps discovered:
D:1:      mrwooster_arrival_statue_2, layout_loops_ring, serial_shops,
          nicolae_lakefront_shop, minmay_misc_feat_plants, supply_closet_lemuel,
          minmay_gold_behind_fungi
D:2:      layout_loops_ring, uniq_robin, uniq_natasha
D:3:      layout_loops_cross, nicolae_overflows_in_rows
D:4:      layout_rooms, minmay_temple_entry_junction, gammafunk_ghost_stat_death

Skill      XL: |  1  2 |
---------------+-------+-----
Spellcasting   | 3 |  3.2
Fighting       | |  0.4
Dodging        | |  2.7
Stealth        | |  1.4
Ice Magic      | |  4.9

Action                   || total
-------------------------++-------
Melee: Unarmed           ||     4
 Cast: Freeze            ||    31
  Use: Potion            ||     2
Armor: Robe              ||     9
Dodge: Dodged            ||    16
